 Dungeon Crawl Stone Soup version 0.21.1-1-g345015f (webtiles) character file.

1166 tidbits the Digger (level 8, 24/58 HPs)
             Began as a Gnoll Earth Elementalist on Feb 10, 2018.
             Quit the game on level 3 of the Dungeon.
             The game lasted 00:14:10 (1178 turns).

tidbits the Digger (Gnoll Earth Elementalist)       Turns: 1178, Time: 00:14:10

Health: 24/58      AC:  3    Str: 11    XL:     8   Next: 40%
Magic:  14/17      EV: 16    Int: 19    God:
Gold:   120        SH:  0    Dex: 16    Spells: 9/19 levels left

rFire    . . .     SeeInvis .   a - +1 dagger (venom)
rCold    . . .     Gourm    .   (no shield)
rNeg     . . .     Faith    .   B - +0 robe
rPois    .         Spirit   .   (no helmet)
rElec    .         Reflect  .   C - +0 cloak
rCorr    .         Harm     .   (no gloves)
MR       .....                  (no boots)
Stlth    ++++......             (no amulet)
HPRegen  0.19/turn              p - ring of stealth
MPRegen  0.15/turn              (no ring)

@: no status effects
A: distributed training, fangs 1, strong nose
a: no special abilities


You were on level 3 of the Dungeon.
You were not hungry.

You visited 1 branch of the dungeon, and saw 7 of its levels.
You also visited: Ossuary.

You collected 120 gold pieces.

Inventory:

Hand Weapons
 a - a +1 dagger of venom (weapon)
   (You took it off an orc on level 3 of the Dungeon)
 b - a cursed -1 hunting sling
 h - a +0 club
 o - a +0 dagger
 r - a +0 falchion
Missiles
 g - 36 stones
 x - 10 tomahawks (quivered)
Armour
 B - a +0 robe (worn)
 C - a +0 cloak (worn)
Magical Staves
 k - an uncursed staff of poison
   (You found it on level 6 of the Dungeon)
Jewellery
 p - a ring of stealth (left hand)
   (You found it on level 6 of the Dungeon)
Wands
 A - a wand of flame (16)
Scrolls
 m - 4 scrolls of remove curse
 n - 3 scrolls of enchant weapon
 v - a scroll of vulnerability
 w - 3 scrolls of teleportation
 y - a scroll of blinking {unknown}
Potions
 d - a potion of berserk rage
 f - 3 potions of brilliance
 i - a potion of degeneration
 j - 3 potions of flight
 l - 2 potions of lignification
 s - a potion of heal wounds
 t - a potion of agility
 u - 2 potions of curing
 z - a potion of haste {unknown}
Books
 e - a book of Geomancy

   Spells                             Type                      Level
   a - Sandblast                      Earth                        1
   b - Passwall                       Transmutation/Earth          2
   c - Stone Arrow                    Conjuration/Earth            3
   d - Petrify                        Transmutation/Earth          4
   e - Lee's Rapid Deconstruction     Earth                        5
 q - a book of Conjurations
   (You found it on level 7 of the Dungeon)

   Spells                             Type                      Level
   a - Magic Dart                     Conjuration                  1
   b - Searing Ray                    Conjuration                  2
   c - Dazzling Spray                 Conjuration/Hexes            3
   d - Fulminant Prism                Conjuration/Hexes            4
   e - Force Lance                    Conjuration/Translocation    4
   f - Iskenderun's Mystic Blast      Conjuration                  4
Comestibles
 c - 4 rations


   Skills:
 + Level 3.2 Fighting
 + Level 3.2 Short Blades
 + Level 3.2 Long Blades
 + Level 3.2 Axes
 + Level 3.2 Maces & Flails
 + Level 3.2 Polearms
 + Level 3.2 Staves
 + Level 3.2 Slings
 + Level 3.2 Bows
 + Level 3.2 Crossbows
 + Level 3.2 Throwing
 + Level 3.2 Armour
 + Level 5.6 Dodging
 + Level 5.3 Stealth
 + Level 3.2 Shields
 + Level 3.2 Unarmed Combat
 + Level 6.0 Spellcasting
 + Level 2.6 Conjurations
 + Level 2.6 Hexes
 + Level 2.6 Charms
 + Level 2.6 Summonings
 + Level 2.6 Necromancy
 + Level 2.6 Translocations
 + Level 3.4 Transmutations
 + Level 2.6 Fire Magic
 + Level 2.6 Ice Magic
 + Level 2.6 Air Magic
 + Level 6.1 Earth Magic
 + Level 2.6 Poison Magic
 + Level 3.5 Invocations
 + Level 3.2 Evocations


You had 9 spell levels left.
You knew the following spells:

 Your Spells              Type           Power        Failure   Level  Hunger
a - Sandblast             Erth           ####..       1%          1    None
e - Petrify               Tmut/Erth      ###.....     16%         4    ####...
j - Stone Arrow           Conj/Erth      ###...       5%          3    ##.....
p - Passwall              Tmut/Erth      ###.......   2%          2    None


Dungeon Overview and Level Annotations

Branches:
Dungeon (7/15)
 Temple: D:4-7

Altars:
Gozag
Hepliaklqana
Qazlal
Trog
Uskayaw

Annotations:
D:3 Grinder, Robin, Terence
D:7 Menkaure


Innate Abilities, Weirdness & Mutations

Your experience applies equally to all skills.
You have very sharp teeth.
Your uncanny sense of smell can sniff out nearby items.


Message History

c - 4 rations (gained 1)
You see here a puce potion.
z - a puce potion
Casting: Sandblast
Confirm with . or Enter, or press ? or * to list all spells.
You don't know that spell.
Casting: Sandblast
Confirm with . or Enter, or press ? or * to list all spells.
Which direction?
You begin to meditate on the wall.
You continue meditating on the rock. x2
You finish merging with the rock.
Found a stone staircase leading up.
You climb upwards.
Level annotation: Grinder, Terence An orc comes into view.
It is wielding a club.
There is a stone staircase leading down here.
A goblin comes into view.
Found 21 bolts.
Unknown command.
The helpless orc fails to defend itself.
You impale the orc!!
You kill the orc!
An orc and an orc wizard come into view.
Found a scroll of identify.
Found a scroll of fog.
A hobgoblin and an orc priest come into view.
Unknown command.
An orc comes into view. It is wielding a flail.
Found 16 gold pieces.
An orc priest comes into view. It is wielding a hand axe.
A hobgoblin comes into view. It is wielding a club.
Casting: Passwall
Confirm with . or Enter, or press ? or * to list all spells.
Aiming: Sandblast
Press: ? - help, Shift-Dir - straight line, f - orc
Aim: an orc, wielding a flail The blast of sand hits the orc.
You kill the orc!
g - 39 stones The hobgoblin shouts!
You hear a shout! x2
Found an ivory wand. 2 goblins, 2 hobgoblins and Robin come into view.
The orc wizard shouts!
The orc priest shouts!
The orc shouts!
The orc priest shouts!
You hear a shout!
Robin shouts!
You hear a shout!
Robin moves out of view.
Found a club.
A hobgoblin comes into view. It is wielding a club.
The orc priest invokes the aid of Beogh against you.
Beogh smites you!
You hear a shout! x2
Found a robe.
The orc wizard mumbles some strange words.
The orc wizard flickers and vanishes!
Robin roars a battlecry!
The goblins go into a battle-frenzy!
You hear a shout!
You see here a wand of flame (16).
A - a wand of flame (16)
The orc priest barely misses you.
Casting: Sandblast
Confirm with . or Enter, or press ? or * to list all spells.
Aiming: Sandblast
Press: ? - help, Shift-Dir - straight line, f - orc priest
Aim: an orc priest, wielding a trident The blast of sand hits the orc priest.
The orc priest is moderately wounded.
g - 38 stones The orc priest hits you from afar with a trident.
Robin throws the goblin at you!
Casting: Sandblast
Confirm with . or Enter, or press ? or * to list all spells.
Aiming: Sandblast
Press: ? - help, Shift-Dir - straight line, f/p - orc priest
Aim: an orc priest, wielding a trident (moderately wounded)
The blast of sand misses the orc priest.
g - 37 stones The hobgoblin barely misses you.
The goblin closely misses you.
The orc priest mumbles some strange prayers to Beogh against you.
Pain shoots through your body!
* * * LOW HITPOINT WARNING * * *
Unknown command.
Casting: Sandblast
Confirm with . or Enter, or press ? or * to list all spells.
Okay, then.
Casting: Sandblast
Confirm with . or Enter, or press ? or * to list all spells.
Aiming: Sandblast
Press: ? - help, Shift-Dir - straight line, f/p - orc priest
Aim: an orc priest, wielding a trident (moderately wounded)
The blast of sand hits the hobgoblin.
You kill the hobgoblin!
g - 36 stones The hobgoblin hits you with a club.
* * * LOW HITPOINT WARNING * * *
The goblin hits you with a club.
* * * LOW HITPOINT WARNING * * *
Robin roars a battlecry!
The orc priest hits you but does no damage.
The orc priest casts a cantrip, but nothing happens.
Are you sure you want to abandon this character and quit the game? (Confirm with "yes".)

g# .. .### .# ###.. ...## ..#
.### #.... ....####..# ....##
#... .....#....##.
####..#...#####..# .....#.#.?..
##.........$.#...<# ..........#
##............#.#..## ......#...#
#.[g................. ........#
#..g@...<.........### .......##
#.{.o.....<.......###
........#####og.........#........
....#.......og.........###....###
....#......g..........##......###
.####..##...g........=...##....>.
.......................## #...#..
.....)?..#.##..........# #...#.#
.........#.##..........#######†.)


You could see Robin, 2 orc priests, an orc, 4 hobgoblins and a goblin.

Vanquished Creatures
  The ghost of tidbits the Insei, an amateur GnTm (D:6)
  A sky beast (D:6)
  A necrophage (D:6)
  2 bullfrogs
  A scorpion (D:5)
  A bullfrog zombie (Ossuary)
  A bullfrog skeleton (D:4)
  A gnoll shaman (D:4)
  2 hounds
  6 mummies (Ossuary)
  Natasha (D:2)
  3 worker ants
  2 killer bee zombies
  A hound zombie (Ossuary)
  2 worker ant zombies (Ossuary)
  5 gnolls (D:4)
  A howler monkey skeleton (D:5)
  3 adders
  2 shadow imps (D:7)
  An ooze (D:1)
  2 adder zombies (Ossuary)
  A worm (D:4)
  A leopard gecko (D:4)
  3 orcs (D:3)
  2 giant cockroaches
  3 goblins
  5 hobgoblins
  7 jackals
  3 kobolds
  A ball python (D:3)
  A bat (D:3)
  A frilled lizard (D:4)
  3 quokka zombies (Ossuary)
  2 rats
73 creatures vanquished.

Vanquished Creatures (others)
  3 withered plants (Ossuary)
3 creatures vanquished.

Grand Total: 76 creatures vanquished

Notes
Turn   | Place    | Note
-------+----------+-------------------------------------------
     0 | D:1      | tidbits the Gnoll Earth Elementalist began the quest for the Orb.
     0 | D:1      | Reached XP level 1. HP: 13/13 MP: 6/6
    32 | D:2      | Found a bloodstained altar of Trog.
    41 | D:1      | Reached skill level 2 in Transmutations
    42 | D:1      | Reached XP level 2. HP: 14/19 MP: 1/7
    46 | D:1      | Learned a level 2 spell: Passwall
   152 | D:2      | Noticed Natasha
   155 | D:2      | Killed Natasha
   155 | D:2      | Reached skill level 5 in Spellcasting
   155 | D:2      | Reached skill level 1 in Invocations
   155 | D:2      | Reached XP level 3. HP: 25/25 MP: 4/9
   160 | D:2      | Learned a level 3 spell: Stone Arrow
   197 | D:3      | Noticed Grinder
   237 | D:3      | Reached skill level 1 in Fighting
   237 | D:3      | Reached skill level 1 in Short Blades
   237 | D:3      | Reached skill level 1 in Long Blades
   237 | D:3      | Reached skill level 1 in Axes
   237 | D:3      | Reached skill level 1 in Maces & Flails
   237 | D:3      | Reached skill level 1 in Polearms
   237 | D:3      | Reached skill level 1 in Staves
   237 | D:3      | Reached skill level 1 in Slings
   237 | D:3      | Reached skill level 1 in Bows
   237 | D:3      | Reached skill level 1 in Crossbows
   237 | D:3      | Reached skill level 1 in Throwing
   237 | D:3      | Reached skill level 1 in Armour
   237 | D:3      | Reached skill level 1 in Shields
   237 | D:3      | Reached skill level 1 in Unarmed Combat
   237 | D:3      | Reached skill level 1 in Evocations
   237 | D:3      | Reached XP level 4. HP: 27/32 MP: 6/11
   243 | D:3      | Learned a level 4 spell: Petrify
   286 | D:3      | Noticed Terence
   310 | D:4      | Reached skill level 1 in Conjurations
   310 | D:4      | Reached skill level 1 in Hexes
   310 | D:4      | Reached skill level 1 in Charms
   310 | D:4      | Reached skill level 1 in Summonings
   310 | D:4      | Reached skill level 1 in Necromancy
   310 | D:4      | Reached skill level 1 in Translocations
   310 | D:4      | Reached skill level 1 in Fire Magic
   310 | D:4      | Reached skill level 1 in Ice Magic
   310 | D:4      | Reached skill level 1 in Air Magic
   310 | D:4      | Reached skill level 1 in Poison Magic
   329 | D:4      | Reached XP level 5. HP: 20/37 MP: 8/12
   369 | D:4      | Found an opulent altar of Gozag.
   389 | D:4      | Found a stormy altar of Qazlal.
   419 | D:5      | Entered Level 5 of the Dungeon
   447 | D:6      | Reached skill level 2 in Invocations
   447 | D:6      | Reached XP level 6. HP: 28/44 MP: 7/13
   454 | D:6      | Found a hazy altar of Hepliaklqana.
   509 | D:6      | Noticed a necrophage
   517 | D:6      | Killed a necrophage
   517 | D:6      | Reached skill level 5 in Dodging
   522 | D:6      | Reached skill level 2 in Fighting
   522 | D:6      | Reached skill level 2 in Short Blades
   522 | D:6      | Reached skill level 2 in Long Blades
   522 | D:6      | Reached skill level 2 in Axes
   522 | D:6      | Reached skill level 2 in Maces & Flails
   522 | D:6      | Reached skill level 2 in Polearms
   522 | D:6      | Reached skill level 2 in Staves
   522 | D:6      | Reached skill level 2 in Slings
   522 | D:6      | Reached skill level 2 in Bows
   522 | D:6      | Reached skill level 2 in Crossbows
   522 | D:6      | Reached skill level 2 in Throwing
   522 | D:6      | Reached skill level 2 in Armour
   522 | D:6      | Reached skill level 2 in Shields
   522 | D:6      | Reached skill level 2 in Unarmed Combat
   522 | D:6      | Reached skill level 2 in Evocations
   566 | D:7      | Found a hide-covered altar of Uskayaw.
   576 | D:7      | Found a sand-covered staircase.
   605 | Ossuary  | Entered an ossuary
   622 | Ossuary  | Reached XP level 7. HP: 27/49 MP: 7/15
   756 | Ossuary  | Reached skill level 2 in Conjurations
   756 | Ossuary  | Reached skill level 2 in Hexes
   756 | Ossuary  | Reached skill level 2 in Charms
   756 | Ossuary  | Reached skill level 2 in Summonings
   756 | Ossuary  | Reached skill level 2 in Necromancy
   756 | Ossuary  | Reached skill level 2 in Translocations
   756 | Ossuary  | Reached skill level 2 in Fire Magic
   756 | Ossuary  | Reached skill level 2 in Ice Magic
   756 | Ossuary  | Reached skill level 2 in Air Magic
   756 | Ossuary  | Reached skill level 2 in Poison Magic
   786 | D:7      | Noticed Menkaure
   793 | D:7      | Reached skill level 3 in Transmutations
   911 | D:6      | Reached skill level 5 in Stealth
   913 | D:6      | Noticed tidbits's ghost (amateur GnTm)
   915 | D:6      | Reached skill level 3 in Invocations
   920 | D:6      | Killed tidbits's ghost
   920 | D:6      | Reached skill level 3 in Fighting
   920 | D:6      | Reached skill level 3 in Short Blades
   920 | D:6      | Reached skill level 3 in Long Blades
   920 | D:6      | Reached skill level 3 in Axes
   920 | D:6      | Reached skill level 3 in Maces & Flails
   920 | D:6      | Reached skill level 3 in Polearms
   920 | D:6      | Reached skill level 3 in Staves
   920 | D:6      | Reached skill level 3 in Slings
   920 | D:6      | Reached skill level 3 in Bows
   920 | D:6      | Reached skill level 3 in Crossbows
   920 | D:6      | Reached skill level 3 in Throwing
   920 | D:6      | Reached skill level 3 in Armour
   920 | D:6      | Reached skill level 3 in Shields
   920 | D:6      | Reached skill level 3 in Unarmed Combat
   920 | D:6      | Reached skill level 6 in Earth Magic
   920 | D:6      | Reached skill level 3 in Evocations
   920 | D:6      | Reached XP level 8. HP: 58/58 MP: 5/16
  1055 | D:5      | Reached skill level 6 in Spellcasting
  1166 | D:3      | Noticed Robin
  1178 | D:3      | Quit the game

Skill      XL: |  1  2  3  4  5  6  7  8 |
---------------+-------------------------+-----
Transmutations | 2 3 |  3.4
Spellcasting   | 5 6 |  6.0
Invocations    | 1 2 3 |  3.5
Fighting       | 1 2 3 |  3.2
Short Blades   | 1 2 3 |  3.2
Long Blades    | 1 2 3 |  3.2
Axes           | 1 2 3 |  3.2
Maces & Flails | 1 2 3 |  3.2
Polearms       | 1 2 3 |  3.2
Staves         | 1 2 3 |  3.2
Slings         | 1 2 3 |  3.2
Bows           | 1 2 3 |  3.2
Crossbows      | 1 2 3 |  3.2
Throwing       | 1 2 3 |  3.2
Armour         | 1 2 3 |  3.2
Shields        | 1 2 3 |  3.2
Unarmed Combat | 1 2 3 |  3.2
Evocations     | 1 2 3 |  3.2
Conjurations   | 1 2 |  2.6
Hexes          | 1 2 |  2.6
Charms         | 1 2 |  2.6
Summonings     | 1 2 |  2.6
Necromancy     | 1 2 |  2.6
Translocations | 1 2 |  2.6
Fire Magic     | 1 2 |  2.6
Ice Magic      | 1 2 |  2.6
Air Magic      | 1 2 |  2.6
Poison Magic   | 1 2 |  2.6
Dodging        | 5 |  5.6
Stealth        | 5 |  5.3
Earth Magic    | 6 |  6.1

Action                   |  1- 3 |  4- 6 |  7- 9 || total
-------------------------+-------+-------+-------++-------
Melee: Dagger            |     5 |    19 |     9 ||    33
       Unarmed           |       |    18 |       ||    18
       Bite              |       |     3 |     2 ||     5
       Falchion          |       |       |    12 ||    12
Throw: Tomahawk          |       |       |     2 ||     2
 Cast: Sandblast         |    21 |    32 |    58 ||   111
       Passwall          |       |     2 |     8 ||    10
  Use: Scroll            |       |     6 |     7 ||    13
       Potion            |       |     1 |     2 ||     3
 Stab: Sleeping          |     2 |     2 |     2 ||     6
  Eat: Chunk             |       |       |     1 ||     1
Armor: Skin              |       |    12 |     3 ||    15
       Robe              |       |     6 |     2 ||     8
Dodge: Dodged            |     9 |    29 |    24 ||    62
       Rpst.: Falchion   |       |       |     5 ||     5

Table legend:
 A = Turns spent in this place as a percentage of turns spent in the entire game.
 B = Non-inter-level travel turns spent in this place as a percentage of non-inter-level travel turns spent in the entire game.
 C = Inter-level travel turns spent in this place as a percentage of turns spent in this place.
 D = Turns resting spent in this place as a percentage of non-inter-level travel turns spent in this place.
 E = Turns spent auto-exploring this place as a percentage of non-inter-level travel turns spent in this place.
 F = Non-inter-level travel turns spent in this place divided by the number of levels of this place that you've seen.
                   A       B       C       D       E      F
               +-------+-------+-------+-------+-------+----------------------
         Total | 100.0 | 100.0 |   0.0 |   0.0 |   0.0 | 147.2
       Dungeon |  85.7 |  85.7 |   0.0 |   0.0 |   0.0 | 144.3
       Ossuary |  14.3 |  14.3 |   0.0 |   0.0 |   0.0 | 168.0
               +-------+-------+-------+-------+-------+----------------------

Table legend:
 A = Kills in this place as a percentage of kills in entire the game.
 B = Kills by you in this place as a percentage of kills by you in the entire game.
 C = Kills by friends in this place as a percentage of kills by friends in the entire game.
 D = Other kills in this place as a percentage of other kills in the entire game.
 E = Experience gained in this place as a percentage of experience gained in the entire game.
 F = Experience gained in this place divided by the number of levels of this place that you have seen.
                   A       B       C       D       E      F
               +-------+-------+-------+-------+-------+----------------------
         Total | 100.0 | 100.0 |   N/A |   N/A | 100.0 | 208.2
       Dungeon |  78.1 |  78.1 |   N/A |   N/A |  79.0 | 188.0
       Ossuary |  21.9 |  21.9 |   N/A |   N/A |  21.0 | 350.0
               +-------+-------+-------+-------+-------+----------------------

Vault maps used:
D:1:      onia_arrival_larder
D:2:      wad_crossroads, bloody_trog, uniq_jessica, uniq_natasha
D:3:      okawaru_trees_1, uniq_robin, uniq_grinder, uniq_terence
D:4:      ashenzari_conservatory_becter, marbit_many_paths, grunt_qazlal_clouds,
          first_ration
D:6:      old_standard_altar
D:7:      grunt_temple_overflow_magic_moments, nicolae_overflow_crystal_walls,
          minmay_temple_entry_butterflies, enter_ossuary_1, grunt_livestock,
          uniq_menkaure, uniq_pikel, uniq_duvessa
Ossuary:  ossuary_zaba_flooded
